 Dungeon Crawl Stone Soup version 0.29.0-4-gdea44cf6ec (webtiles) character file.

Game seed: 9520129608582841673

70 qw the Chopper (level 4, 0/26 HPs)
             Began as a Tengu Warper on Aug 28, 2022.
             Succumbed to a kobold's poison
             ... on level 3 of the Dungeon.
             The game lasted 00:00:12 (2473 turns).

qw the Chopper (Tengu Warper)                       Turns: 2473, Time: 00:00:13

Health: 0/26       AC:  6    Str: 13    XL:     4   Next: 21%
Magic:  8/8        EV:  9    Int: 14    God:
Gold:   105        SH:  0    Dex: 13    Spells: 7/7 levels left

rFire   . . .      SeeInvis .   Y - +0 hand axe
rCold   + . .      Faith    .   (no shield)
rNeg    . . .      Spirit   .   g - +0 scale mail
rPois   .          Reflect  .   (helmet restricted)
rElec   .          Harm     .   (no cloak)
rCorr   .          Rampage  .   (no gloves)
Will    .....                   (boots unavailable)
Stlth   ..........              (no amulet)
HPRegen 0.08/turn               f - ring of protection from cold
MPRegen 0.11/turn               (no ring)

@: lethally poisoned (0 -> -5)
A: beak, talons 3
a: no special abilities


You were on level 3 of the Dungeon.
You visited 1 branch of the dungeon, and saw 3 of its levels.

You collected 105 gold pieces.


Innate Abilities, Weirdness & Mutations

You have a beak for a mouth.
You have claws for feet.


   Skills:
 - Level 2.0 Fighting
 + Level 4.8 Axes
 - Level 1.0 Throwing
 - Level 1.1 Armour
 - Level 2.1 Dodging
 - Level 2.0 Spellcasting
 - Level 2.4 Translocations


You had 7 spell levels left.
You didn't know any spells.
Your spell library contained the following spells:

 Spells                   Type           Power      Damage    Failure   Level
 Blink                    Tloc           16%        N/A       54%         2
 Gell's Gravitas          Tloc           8%         N/A       78%         3
 Lesser Beckoning         Tloc           8%         N/A       78%         3
 Teleport Other           Tloc           8%         N/A       78%         3
 Manifold Assault         Tloc           8%         N/A       100%        5

Inventory:

Hand Weapons
 d - a +0 flail
 Y - a +0 hand axe (weapon)
Armour
 g - a +0 scale mail (worn)
Jewellery
 f - a ring of protection from cold (left hand)
Scrolls
 a - 4 scrolls of teleportation
Potions
 c - a potion of heal wounds
 e - a potion of ambrosia {unknown}
 i - a potion of mutation {unknown}
 j - a potion of berserk rage {unknown}
 k - 2 potions of curing
 l - a potion of might {unknown}

Dungeon Overview and Level Annotations

Branches:
Dungeon (3/15)

Altars:
Cheibriados


Message History

The goblin closely misses you.
You slash the goblin!
You kill the goblin!
Found 5 stones.
You see here 5 stones.
Found a stone staircase leading down.
Found a throwing net.
You open the door.
Found an escape hatch in the floor.
Enter note:
There is an open door here.
You open the door.
There is an open door here.
A goblin comes into view. It is wielding a +0 club.
You closely miss the goblin. You claw the goblin.
You kill the goblin!
A kobold comes into view.
It is wielding a +0 short sword and quivering poisoned darts.
The kobold shouts!
The kobold throws a poisoned dart.
The poisoned dart hits you!
You are poisoned.
You feel sick.
The kobold throws a poisoned dart.
The poisoned dart hits you!
You are more poisoned.
You feel very sick.
2466 ||| FLEEEEING.
You feel very sick.
2467 ||| FLEEEEING.
You feel sick.
The kobold throws a poisoned dart.
The poisoned dart hits you!
You are lethally poisoned!
There is an open door here.
2468 ||| FLEEEEING.
You feel very sick.
2469 ||| FLEEEEING.
You feel very sick.
You feel very sick.
You feel sick.
You hear the slow rusting of a very distant drain.
You feel sick.
There is an open door here.
2473 ||| FLEEEEING.
You die...

#....... ##.......######.####
#.#...##.#.........##........
#........+>........'K...K....
#.#<).##.#.........##)#...##.
#........##.......###.# ..#
#####.######.....## #.. ...
#.# ##...## #### ### #.#
##'## ####(########@#######
#......##...........#
#.##.#.##.###..####.# #
#.#.##.##...## #............#
###.##.#.>.....
#.##.###..#### #.##(. ...#
..#######...


There were no monsters in sight!

Vanquished Creatures
  A gnoll (D:1)
  An adder (D:2)
  2 worms (D:2)
  2 dart slugs
  A bat (D:1)
  2 endoplasms
  5 goblins
  4 hobgoblins
  4 jackals (D:2)
  8 kobolds
  2 quokkas
  6 ball pythons
  3 rats
41 creatures vanquished.

Notes
Turn   | Place    | Note
-------+----------+-------------------------------------------
     0 | D:1      | qw the Tengu Warper began the quest for the Orb.
     0 | D:1      | Reached XP level 1. HP: 12/12 MP: 4/4
     0 | D:1      | 0 ||| qw: Version: 0.1-a-89-g26bdef1
     0 | D:1      | 0 ||| qw: Game counter: 2688
     0 | D:1      | 0 ||| qw: Always use a shield: true
     0 | D:1      | 0 ||| qw: God list: Okawaru
     0 | D:1      | 0 ||| qw: Allow faded altars: false
     0 | D:1      | 0 ||| qw: Do Orc after D:15 true
     0 | D:1      | 0 ||| qw: Do second Lair branch before Depths: true
     0 | D:1      | 0 ||| qw: Lair rune preference: random
     0 | D:1      | 0 ||| qw: Plans: Normal
     0 | D:1      | 0 ||| PLANNING D:1-11
     1 | D:1      | Noticed an electric eel
    31 | D:1      | 31 ||| Stepping ~*~*~tactically~*~*~ (stealth).
    33 | D:1      | 33 ||| Stepping ~*~*~tactically~*~*~ (stealth).
    35 | D:1      | 35 ||| Stepping ~*~*~tactically~*~*~ (stealth).
    48 | D:1      | 48 ||| Stepping ~*~*~tactically~*~*~ (stealth).
   267 | D:1      | Reached skill level 3 in Axes
   267 | D:1      | Reached XP level 2. HP: 8/17 MP: 6/6
   490 | D:1      | 490 ||| DROPPING +0 mace.
   745 | D:1      | Found a faded altar of an unknown god.
   752 | D:1      | Reached XP level 3. HP: 20/21 MP: 7/7
  1034 | D:1      | 1034 ||| UPGRADING to +0 ring mail.
  1044 | D:1      | 1044 ||| DROPPING +0 leather armour.
  1045 | D:1      | 1045 ||| UPGRADING to ring of protection from cold.
  1046 | D:1      | 1046 ||| READING 3 scrolls labelled QOODDE BOUFO.
  1051 | D:1      | 1051 ||| READING scroll labelled HICLAFATYTU.
  1052 | D:1      | 1052 ||| DROPPING scroll of blinking.
  1090 | D:2      | Reached skill level 4 in Axes
  1731 | D:2      | 1731 ||| FLEEEEING.
  1734 | D:2      | 1734 ||| FLEEEEING.
  1750 | D:2      | 1750 ||| Stepping ~*~*~tactically~*~*~ (hiding).
  2016 | D:2      | 2016 ||| Stepping ~*~*~tactically~*~*~ (stealth).
  2022 | D:2      | Reached XP level 4. HP: 15/26 MP: 8/8
  2025 | D:2      | 2025 ||| Stepping ~*~*~tactically~*~*~ (stealth).
  2033 | D:2      | 2033 ||| FLEEEEING.
  2034 | D:2      | 2034 ||| FLEEEEING.
  2035 | D:2      | 2035 ||| FLEEEEING.
  2039 | D:2      | 2039 ||| FLEEEEING.
  2040 | D:2      | 2040 ||| FLEEEEING.
  2041 | D:2      | 2041 ||| FLEEEEING.
  2042 | D:2      | 2042 ||| FLEEEEING.
  2043 | D:2      | 2043 ||| FLEEEEING.
  2044 | D:2      | 2044 ||| FLEEEEING.
  2045 | D:2      | 2045 ||| FLEEEEING.
  2046 | D:2      | 2046 ||| FLEEEEING.
  2047 | D:2      | 2047 ||| FLEEEEING.
  2064 | D:2      | 2064 ||| FLEEEEING.
  2072 | D:2      | 2072 ||| STAIRDANCE
  2189 | D:1      | 2189 ||| UPGRADING to +0 scale mail.
  2199 | D:1      | 2199 ||| DROPPING +0 ring mail.
  2200 | D:1      | 2200 ||| READING scroll labelled POMATEOPTU.
  2201 | D:1      | 2201 ||| READING scroll labelled XAMEYM WASIKH.
  2202 | D:1      | 2202 ||| DRINKING 2 clear potions.
  2203 | D:1      | 2203 ||| DRINKING 3 bubbling amethyst potions.
  2317 | D:2      | Found a snail-covered altar of Cheibriados.
  2423 | D:3      | 2423 ||| PLANNING SEWER
  2466 | D:3      | 2466 ||| FLEEEEING.
  2467 | D:3      | 2467 ||| FLEEEEING.
  2468 | D:3      | 2468 ||| FLEEEEING.
  2469 | D:3      | 2469 ||| FLEEEEING.
  2470 | D:3      | HP: 4/26 [poisoned by a kobold]
  2472 | D:3      | HP: 1/26 [poisoned by a kobold]
  2473 | D:3      | 2473 ||| FLEEEEING.
  2473 | D:3      | Succumbed to a kobold's poison

Levels and vault maps discovered:
D:1:      arrival_aquarium_a, layout_basic, ebering_ecumenical_altar_mist,
          hex_large
D:2:      layout_basic, basic_altar, nicolae_wormholes
D:3:      layout_loops_corners, tgw_xom, gup_sewer_entry_bubbles,
          minmay_close_crescents

Skill      XL: |  1  2  3 |
---------------+----------+-----
Axes           | 3 4 |  4.8
Fighting       | |  2.0
Throwing       | |  1.0
Armour         | |  1.1
Dodging        | |  2.1
Spellcasting   | |  2.0
Translocations | |  2.4

Action                   |  1- 3 |  4- 6 || total
-------------------------+-------+-------++-------
Melee: Hand axe          |    67 |    15 ||    82
       Kick              |    21 |     5 ||    26
       Peck              |    10 |     3 ||    13
       Punch             |     1 |       ||     1
Throw: Boomerang         |     7 |       ||     7
  Use: Scroll            |     2 |     2 ||     4
       Potion            |       |     2 ||     2
Armor: Leather armour    |     2 |       ||     2
       Ring mail         |     9 |     2 ||    11
Dodge: Dodged            |    23 |    11 ||    34

Table legend:
 A = Non-vault XP
 B = Vault XP
 C = Vault XP percentage of total XP
 D = Non-vault monster count
 E = Vault monster count
 F = Vault count percentage of total count
                 A         B        C        D         E       F
            +---------+---------+-------+---------+---------+-------
      Total |      90 |      10 |  10.0 |      39 |       2 |   4.9
            +---------+---------+-------+---------+---------+-------
        D:1 |      42 |       0 |   0.0 |      16 |       0 |   0.0
        D:2 |      44 |      10 |  18.5 |      21 |       2 |   8.7
        D:3 |       4 |       0 |   0.0 |       2 |       0 |   0.0
            +---------+---------+-------+---------+---------+-------
